 Dungeon Crawl Stone Soup version 0.30.0-29-ga12c61a403 (webtiles) character file.

Game seed: 3937700018681549627

11130 cheesebisquit the Grappler (level 11, -14/107 HPs)
             Began as a Troll Fighter on June 14, 2023.
             Was a High Priest of Wu Jian.
             Demolished by a large abomination (33 damage)
             ... summoned by a glowing orange brain
             ... on level 3 of the Abyss.
             The game lasted 00:35:12 (10409 turns).

cheesebisquit the Grappler (Troll Fighter)         Turns: 10409, Time: 00:35:13

Health: -14/107    AC: 11    Str: 26    XL:     11   Next: 45%
Magic:  10/10      EV: 12    Int:  8    God:    Wu Jian [*****.]
Gold:   755        SH: 18    Dex: 15    Spells: 10/10 levels left

rFire   + .          .
                       - Unarmed
rCold   . . .        b - +3 kite shield
rNeg    . . .        H - +0 steam dragon scales
rPois   +            P - +1 hat {SInv}
rElec   .            c - +2 cloak {rPois}
rCorr   .            (gloves unavailable)
SInv    +            (boots unavailable)
Will    .....        X - amulet of reflection
Stlth   +            d - ring of protection from fire
HPRegen 1.17/turn    E - +6 ring of dexterity
MPRegen 0.12/turn

%: reflection
@: no status effects
A: large, unfitting armour, claws 3, regeneration 1, shaggy fur 1, tough skin 1
a: Renounce Religion, Wall Jump, Serpent's Lash, Heavenly Storm


You were on level 3 of the Abyss.
You worshipped Wu Jian.
Wu Jian was extremely pleased with you.
You visited 2 branches of the dungeon, and saw 11 of its levels.
You visited the Abyss 1 time.
You also visited: Ossuary.

You collected 755 gold pieces.

Inventory:

Hand Weapons
 n - the +6 shillelagh "Devastator" {shatter}
   (You found it on level 2 of the Dungeon)
 v - a +2 whip of venom
 O - a +0 giant spiked club
Missiles
 m - 2 datura-tipped darts (quivered)
 z - 10 atropa-tipped darts
 C - 4 boomerangs
 L - 31 poisoned darts
 T - 6 javelins
 V - 3 silver boomerangs
Armour
 b - a +3 kite shield (worn)
 c - a +2 cloak of poison resistance (worn)
 H - +0 steam dragon scales (worn)
 P - a +1 hat of see invisible (worn)
 U - a +0 robe of fire resistance
Jewellery
 d - a ring of protection from fire (left claw)
 h - a ring of protection from cold
 p - an amulet of faith
 E - a +6 ring of dexterity (right claw)
 X - an amulet of reflection (around neck)
Wands
 j - a wand of charming (11)
 y - a wand of iceblast (4)
 I - a wand of flame (26)
Scrolls
 a - a scroll of summoning
 i - a scroll of teleportation
 r - 2 scrolls of fog
 t - a scroll of acquirement {unknown}
 u - a scroll of poison {unknown}
 w - a scroll of magic mapping
 x - a scroll of blinking {unknown}
 F - 2 scrolls of silence {unknown}
 J - a scroll of amnesia
 M - a scroll of brand weapon {unknown}
 N - a scroll of torment {unknown}
 Q - 2 scrolls of enchant weapon {unknown}
Potions
 e - 4 potions of attraction
 f - 2 potions of curing
 g - 5 potions of degeneration
 l - a potion of ambrosia
 o - 3 potions of brilliance
 q - 2 potions of resistance
 s - 3 potions of heal wounds
 A - 3 potions of flight
 B - 2 potions of lignification {unknown}
 G - a potion of berserk rage {unknown}
 K - a potion of cancellation
 R - a potion of experience {unknown}
 W - 2 potions of haste {unknown}


   Skills:
 - Level 6.4 Fighting
 - Level 7.2 Dodging
 - Level 7.0 Shields
 + Level 13.2 Unarmed Combat


You had 10 spell levels left.
You didn't know any spells.
Your spell library contained the following spells:

 Spells                   Type           Power      Damage    Failure   Level
 Beastly Appendage        Tmut           0%         N/A       63%         1
 Foxfire                  Conj/Fire      0%         2x1d4     63%         1
 Summon Small Mammal      Summ           0%         N/A       63%         1
 Ensorcelled Hibernation  Hex/Ice        0%         N/A       77%         2
 Passwall                 Tmut/Erth      0%         N/A       77%         2
 Wereblood                Tmut           0%         N/A       77%         2
 Call Canine Familiar     Summ           0%         N/A       94%         3
 Ignite Poison            Fire/Tmut/Pois 0%         N/A       94%         3
 Spider Form              Tmut/Pois      0%         N/A       94%         3
 Summon Guardian Golem    Hex/Summ       0%         N/A       94%         3
 Swiftness                Air            0%         N/A       94%         3
 Animate Armour           Summ/Erth      0%         N/A       100%        4
 Animate Dead             Necr           0%         N/A       100%        4
 Sticky Flame             Conj/Fire      0%         2d3       100%        4
 Blade Hands              Tmut           0%         N/A       100%        5
 Borgnjor's Vile Clutch   Necr/Erth      0%         N/A       100%        5
 Fireball                 Conj/Fire      0%         3d3       100%        5
 Death Channel            Necr           0%         N/A       100%        6
 Iron Shot                Conj/Erth      0%         9d1       100%        6
 Plasma Beam              Fire/Air       0%         2x1d11    100%        6
 Starburst                Conj/Fire      0%         6d3       100%        6
 Ignition                 Fire           0%         3d3       100%        8


Dungeon Overview and Level Annotations

Branches:
Dungeon (10/15)            Temple (1/1) D:4            Lair (0/5) D:9
    Orc (0/2) D:9         Ossuary (visited)

Altars:
Ashenzari
Cheibriados
Dithmenos
Elyvilon
Fedhas
Gozag
Hepliaklqana
Kikubaaqudgha
Makhleb
Nemelex Xobeh
Okawaru
Qazlal
Ru
Sif Muna
Trog
Uskayaw
Vehumet
Wu Jian
Xom
Yredelemnul
Zin
The Shining One

Shops:
D:2 ((

Annotations:
D:10 Sonja


Innate Abilities, Weirdness & Mutations

You are too large for most types of armour.
You have claws for hands.
Your natural rate of healing is unusually fast.
You are covered in fur. (AC +1)
You have tough skin. (AC +1)


Message History

You spin and attack the large abomination.
You scratch the large abomination but do no damage.
The brown ugly thing basks in the mutagenic energy from its kin and changes!
The neqoxec gestures at you.
Something tries to feed on your intellect!
You spin and attack the glowing orange brain.
You scratch the glowing orange brain.
The glowing orange brain is lightly wounded.
You spin and attack the large abomination.
You scratch the large abomination but do no damage.
The glowing orange brain pulsates.
You are confused.
The large abomination hits you! The large abomination misses you.
You bump into the stone wall.
The brown very ugly thing punches you. The acid corrodes you!
You are splashed with acid!
You mangle the large abomination!!
The large abomination is heavily damaged.
The large abomination hits you!
* * * LOW HITPOINT WARNING * * *
The brown very ugly thing basks in the mutagenic energy from its kin and changes!
The large abomination hits you.
* * * LOW HITPOINT WARNING * * *
You are too confused!
You feel much better. The large abomination hits you!
The large abomination hits you!!
* * * LOW HITPOINT WARNING * * *
Your magical effects are unravelling.
You feel magically purged.
You feel less confused.
You are no longer corroded.
You block the large abomination's attack.
Okay, then.
As you read the scroll of fear, it crumbles to dust.
You assume a fearsome visage.
The purple very ugly thing easily resists.
The purple very ugly thing looks frightened!
The purple ugly thing looks frightened!
The glowing orange brain resists with almost no effort.
The neqoxec resists with some effort.
The large abomination is unaffected. x2
The large abomination hits you!!
You die...

.. ### .# ......# .#
.... #.....# # .# ...
......# . . ## ...###
......# . ##...#
#...###...## .
#.....#....u#u3...#...
..............XGX......
. ...# ....#.@...#. #
#...# #...###u..## #.
##.# .#.## ###.# .
..##.. †...###. .# #.
.u....†(...... ..
.####.... ... #.##
...## ##.# .##### ..
### .# .#


You could see 2 very ugly things, a purple ugly thing (fleeing), a glowing
orange brain, 2 large abominations and a neqoxec (summoned).

Vanquished Creatures
  Gastronok (D:8)
  A very ugly thing (Abyss:3)
  A two-headed ogre (D:9)
  Lodul (D:10)
  An ugly thing (Abyss:3)
  An unseen horror (D:10)
  A kobold demonologist (D:9)
  An ancient zyme (Abyss:2)
  A large abomination (Abyss:2)
  6 raiju (Abyss:1)
  A wraith (D:9)
  3 yaks (D:10)
  3 steam dragons
  5 water moccasins
  An orc warrior (D:9)
  2 ice beasts
  4 sky beasts
  2 black bears
  10 ogres
  3 centaurs
  A phantom (D:7)
  3 kobold brigands (D:9)
  2 elf zombies (Ossuary)
  A bullfrog (D:6)
  5 scorpions
  A gnoll sergeant (D:5)
  4 wights (D:6)
  2 howler monkeys
  A centaur zombie (Ossuary)
  Crazy Yiuf (D:2)
  2 hounds (D:4)
  2 orc priests (D:9)
  A human zombie (Ossuary)
  An iron imp (D:8)
  2 jellies
  3 iguanas
  2 sleepcaps (D:6)
  Natasha (twice) (D:2)
  11 orc wizards
  2 hell rats (D:7)
  2 mummies (Ossuary)
  4 adders
  9 gnolls
  9 river rats (D:7)
  3 white imps
  An ufetubus (D:6)
  2 adder zombies (Ossuary)
  4 dart slugs
  3 worms
  31 orcs
  4 ball pythons
  5 endoplasms
  5 giant cockroaches
  8 goblins
  5 hobgoblins
  21 kobolds
  9 quokkas
  6 bats
  3 frilled lizards
  A goblin skeleton (D:8)
  3 goblin zombies
  15 hobgoblin zombies
  3 jackal zombies
  A kobold skeleton (D:8)
  9 kobold zombies
  An orc skeleton (D:8)
  6 orc zombies (Ossuary)
  21 rats
  2 rat zombies (Ossuary)
294 creatures vanquished.

Vanquished Creatures (others)
  Natasha (D:2)
  2 endoplasms (D:2)
3 creatures vanquished.

Grand Total: 297 creatures vanquished

Notes
Turn   | Place    | Note
-------+----------+-------------------------------------------
     0 | D:1      | cheesebisquit the Troll Fighter began the quest for the
                  | Orb.
     0 | D:1      | Reached XP level 1. HP: 22/22 MP: 0/0
    95 | D:1      | Reached XP level 2. HP: 29/29 MP: 1/1
   703 | D:1      | Reached XP level 3. HP: 36/36 MP: 2/2
   914 | D:2      | Noticed Natasha
   920 | D:2      | Killed Natasha
  1021 | D:2      | Noticed Natasha
  1030 | D:2      | Killed Natasha
  1031 | D:2      | Reached XP level 4. HP: 42/44 MP: 3/3
  1122 | D:2      | Found Hajiq's Antique Weapon Shop.
  1292 | D:2      | Found Acoer's Weapon Shop.
  1490 | D:2      | Found a runed translucent door.
  1490 | D:2      | Found the +6 shillelagh "Devastator" {shatter}
  1491 | D:2      | Noticed Crazy Yiuf
  1654 | D:2      | Killed Crazy Yiuf
  1655 | D:2      | Reached skill level 5 in Shields
  1969 | D:3      | Reached XP level 5. HP: 50/50 MP: 4/4
  3265 | D:4      | Found a staircase to the Ecumenical Temple.
  3274 | Temple   | Entered the Ecumenical Temple
  3274 | Temple   | Found a transporter.
  3274 | Temple   | Found a transporter.
  3276 | Temple   | Found a transporter.
  3276 | Temple   | Found a transporter.
  3301 | Temple   | Became a worshipper of the Wu Jian Council
  3428 | D:4      | Noticed an ogre
  3498 | D:4      | Reached XP level 6. HP: 59/59 MP: 5/5
  3629 | D:4      | Found a sand-covered staircase.
  3644 | Ossuary  | Entered an ossuary
  3682 | Ossuary  | Reached * piety under Wu Jian
  3780 | Ossuary  | Reached XP level 7. HP: 66/66 MP: 6/6
  3791 | Ossuary  | Reached skill level 3 in Unarmed Combat
  3861 | Ossuary  | Reached ** piety under Wu Jian
  3944 | D:4      | Reached skill level 4 in Unarmed Combat
  4304 | D:5      | Entered Level 5 of the Dungeon
  4431 | D:5      | Reached skill level 5 in Unarmed Combat
  4596 | D:5      | Reached skill level 6 in Unarmed Combat
  4643 | D:5      | Reached XP level 8. HP: 75/75 MP: 7/7
  5343 | D:6      | Found a stormy altar of Qazlal.
  5360 | D:6      | Reached skill level 7 in Unarmed Combat
  5439 | D:6      | Reached skill level 8 in Unarmed Combat
  5481 | D:6      | Reached XP level 9. HP: 85/85 MP: 8/8
  5549 | D:6      | Reached skill level 5 in Fighting
  5563 | D:6      | Reached *** piety under Wu Jian
  6560 | D:7      | Reached skill level 5 in Dodging
  6591 | D:7      | Reached **** piety under Wu Jian
  6990 | D:8      | Noticed Gastronok
  7015 | D:8      | Killed Gastronok
  7016 | D:8      | Reached XP level 10. HP: 84/100 MP: 9/9
  7130 | D:8      | Found a glowing golden altar of the Shining One.
  7336 | D:8      | Found a snail-covered altar of Cheibriados.
  7568 | D:9      | Noticed a two-headed ogre
  7573 | D:9      | Reached skill level 9 in Unarmed Combat
  7579 | D:9      | Killed a two-headed ogre
  7631 | D:9      | Found a hazy altar of Hepliaklqana.
  7691 | D:9      | Reached ***** piety under Wu Jian
  7863 | D:9      | Reached skill level 10 in Unarmed Combat
  8019 | D:9      | Found a staircase to the Lair.
  8570 | D:2      | Found Hajiq's Antique Weapon Shop.
  8606 | D:2      | Found Acoer's Weapon Shop.
  8626 | D:2      | Noticed Natasha
  8630 | D:2      | Killed Natasha
  9607 | D:9      | Found a shimmering blue altar of Sif Muna.
  9680 | D:9      | Found a staircase to the Orcish Mines.
  9717 | D:10     | Entered Level 10 of the Dungeon
  9908 | D:10     | Reached skill level 11 in Unarmed Combat
  9939 | D:10     | Noticed Lodul
  9951 | D:10     | Killed Lodul
  9952 | D:10     | Reached XP level 11. HP: 107/107 MP: 10/10
 10079 | D:10     | Noticed Sonja
 10091 | Abyss:1  | Cast into level 1 of the Abyss (Sonja)
 10169 | Abyss:1  | Found a corrupted altar of Lugonu.
 10184 | Abyss:1  | Reached skill level 12 in Unarmed Combat
 10203 | Abyss:1  | HP: 4/107 [raiju/living lightning (18)]
 10240 | Abyss:1  | Noticed a starcursed mass
 10356 | Abyss:3  | Noticed a purple ugly thing
 10356 | Abyss:3  | Noticed a purple very ugly thing
 10361 | Abyss:3  | Found a corrupted altar of Lugonu.
 10383 | Abyss:3  | Killed a purple very ugly thing
 10384 | Abyss:3  | Reached skill level 13 in Unarmed Combat
 10386 | Abyss:3  | Noticed a purple very ugly thing
 10386 | Abyss:3  | Noticed a purple very ugly thing
 10387 | Abyss:3  | Noticed a purple ugly thing
 10390 | Abyss:3  | Killed a purple ugly thing
 10395 | Abyss:3  | Noticed a glowing orange brain
 10409 | Abyss:3  | Demolished by a large abomination

Illustrated notes

Levels and vault maps discovered:
D:1:      lightli_arrival_isolated_outpost, layout_basic, chequers_avenue,
          palyth_stone_intersect
D:2:      layout_loops_ring, serial_shops, shop, nicolae_shop_hallway_plus,
          lemuel_flame_loot_1, uniq_natasha, uniq_crazy_yiuf_cottage
D:3:      kennysheep_six_static_rooms, layout_basic
D:4:      layout_basic, lemuel_temple_firewalk_b, enter_ossuary_3
D:5:      layout_loops_corners
D:6:      layout_rooms, nicolae_qazlal_beasts_of_the_sky
D:7:      lemuel_ratsnest, layout_basic, serial_rivers,
          chequers_serial_rivers_micro_b, chequers_serial_rivers_large_a,
          chequers_serial_rivers_micro_b, chequers_serial_rivers_small_3,
          chequers_serial_rivers_marsh
D:8:      layout_basic, nicolae_tso_besieged_by_evil, slow_altar_2,
          uniq_gastronok
D:9:      layout_roguey, nicolae_hepliaklqana_hippocampus, tgw_sif,
          lair_entry_dummy, orc_0_dummy
D:10:     layout_roguey, serial_shops, nicolae_shop_window_shopping,
          bh_walls_and_bars, uniq_lodul, uniq_sonja
Temple:   hellmonk_temple_divided_pantheon
Abyss:3:  base:
D:5

Skill      XL: |  1  2  3  4  5  6  7  8  9 10 11 |
---------------+----------------------------------+-----
Shields        | 3 4 5 6 7 |  7.0
Unarmed Combat | 6 8 11 13 | 13.2
Fighting       | 3 4 6 |  6.4
Dodging        | 7 |  7.2

Action                     |  1- 3 |  4- 6 |  7- 9 | 10-12 || total
---------------------------+-------+-------+-------+-------++-------
  Melee: Unarmed           |    72 |   232 |   392 |   260 ||   956
  Throw: Dart              |       |    20 |    63 |     5 ||    88
         Boomerang         |       |       |    15 |    36 ||    51
         Throwing net      |       |       |       |     1 ||     1
Ability: Lunge             |       |     4 |    36 |    26 ||    66
         Whirlwind         |       |       |     1 |    15 ||    16
    Use: Potion            |       |     2 |       |     4 ||     6
         Scroll            |       |     8 |     9 |     5 ||    22
   Stab: Sleeping          |       |       |     1 |     2 ||     3
         Distracted        |       |       |       |     1 ||     1
 Armour: Robe              |    28 |    82 |    41 |       ||   151
         Steam dragon scal |       |       |    57 |    26 ||    83
  Dodge: Dodged            |    17 |    88 |    94 |    46 ||   245
  Block: Kite shield       |    18 |    71 |   180 |   108 ||   377
         Reflection        |       |       |       |     6 ||     6
